 Dungeon Crawl Stone Soup version 0.29-a0-813-g4a14ea37d6 (webtiles) character file.

Game seed: 9461120117537053422

17120 mdonais the Skirmisher (level 12, -7/88 HPs)
             Began as an Octopode Hunter on July 4, 2022.
             Was a High Priest of Okawaru.
             Shot with a bolt by an orc warrior (21 damage)
             ... on level 2 of the Orcish Mines on July 5, 2022.
             The game lasted 01:00:47 (18703 turns).

mdonais the Skirmisher (Octopode Hunter)           Turns: 18703, Time: 01:00:47

Health: -7/88      AC:  1    Str: 13    XL:     12   Next: 44%
Magic:  24/26      EV: 22    Int: 11    God:    Okawaru [*****.]
Gold:   1387       SH:  0    Dex: 22    Spells: 9/15 levels left

rFire   . . .      SeeInvis .   a - +0 arbalest (chaos)
rCold   . . .      Faith    +   (shield currently unavailable)
rNeg    + . .      Spirit   .   P - +0 hat "Kefirod" {Fly rN+ Regen+}
rPois   +          Reflect  .   h - amulet of faith
rElec   .          Harm     .   f - ring of wizardry
rCorr   .          Rampage  .   n - ring of willpower
Will    +....                   o - ring of poison resistance
Stlth   ++++++....              (no ring)
HPRegen 1.04/turn               N - ring of magical power
MPRegen 0.20/turn               (no ring)
                                (no ring)
                                (no ring)

@: about to teleport, heroic, flying
A: almost no armour, amphibious, 8 rings, camouflage 1, gelatinous body 1,
(nimble swimmer 1), tentacles, agile 1, strong 1
a: Renounce Religion, Heroism, Finesse, Duel


You were on level 2 of the Orcish Mines.
You worshipped Okawaru.
Okawaru was extremely pleased with you.
You visited 4 branches of the dungeon, and saw 14 of its levels.

You collected 1387 gold pieces.

Inventory:

Hand Weapons
 a - a +0 arbalest of chaos (weapon)
   (You took it off an orc warrior on level 9 of the Dungeon)
 b - the +8 rapier "Newtslayer" {elec, Stlth+}
   (You found it on level 8 of the Dungeon)

   It occasionally discharges a powerful burst of electricity upon striking a
   foe.
   Stlth:     It makes you more stealthy.
 D - a +2 dagger of protection
   (You took it off a kobold on level 8 of the Dungeon)
 E - a +0 shortbow
 G - a +4 quarterstaff of chaos
   (You took it off Crazy Yiuf on level 7 of the Dungeon)
 J - a +2 spear of venom
   (You took it off a gnoll sergeant on level 7 of the Dungeon)
Missiles
 c - 117 stones
 g - 39 poisoned darts
 t - 9 boomerangs
 v - 8 javelins
 F - a curare-tipped dart
Armour
 P - the +0 hat "Kefirod" (worn) {Fly rN+ Regen+}
   (Okawaru gifted it to you on level 1 of the Lair of Beasts)

   rN:        It protects you from negative energy.
   Fly:       It grants you flight.
   Regen:     It increases your rate of health regeneration.
Jewellery
 f - a ring of wizardry (left tentacle)
   (You found it on level 1 of the Dungeon)
 h - an amulet of faith (around mantle)
   (You found it on level 1 of the Dungeon)
 j - an amulet of the acrobat
   (You found it on level 2 of the Dungeon)
 n - a ring of willpower (right tentacle)
   (You found it on level 6 of the Dungeon)
 o - a ring of poison resistance (on tentacle)
   (You found it on level 8 of the Dungeon)
 y - a ring of fire
   (You found it on level 8 of the Dungeon)
 N - a ring of magical power (on tentacle)
   (You found it on level 10 of the Dungeon)
Wands
 e - a wand of mindburst (10)
   (You took it off an orc on level 8 of the Dungeon)
 A - a wand of acid (16)
   (You found it on level 6 of the Dungeon)
 V - a wand of flame (27)
   (You found it on level 6 of the Dungeon)
Scrolls
 d - 2 scrolls of immolation
 k - 4 scrolls of enchant armour
 m - 2 scrolls of amnesia
 p - a scroll of summoning
 q - a scroll of fear
 s - 2 scrolls of blinking {unknown}
 x - a scroll of noise
 B - a scroll of fog
 L - a scroll of torment {unknown}
 M - a scroll of magic mapping
 T - a scroll of teleportation
Potions
 l - 4 potions of mutation
 r - a potion of flight {unknown}
 u - 4 potions of lignification
 w - a potion of degeneration {unknown}
 z - 3 potions of might {unknown}
 C - 2 potions of cancellation {unknown}
 H - a potion of haste
 I - a potion of brilliance {unknown}
 K - a potion of attraction {unknown}
 O - 5 potions of ambrosia
 Q - 4 potions of curing
Miscellaneous
 Y - a tin of tremorstones (1/2)
   (You found it on level 10 of the Dungeon)


   Skills:
 + Level 10.4(15.4) Fighting
 - Level 8.0(13.0) Short Blades
 + Level 10.5(15.5) Ranged Weapons
 + Level 6.8(11.8) Dodging
 - Level 6.0(11.0) Stealth
 - Level 2.0 Spellcasting
 - Level 4.0 Ice Magic
 - Level 7.0 Invocations
 - Level 5.0 Evocations


You had 9 spell levels left.
You knew the following spells:

 Your Spells              Type           Power      Damage    Failure   Level
a - Ozocubu's Armour      Ice            9%         N/A       7%          3
b - Frozen Ramparts       Ice            18%        1d3       7%          3

Your spell library contained the following spells:

 Spells                   Type           Power      Damage    Failure   Level
 Confusing Touch          Hex            1%         N/A       32%         3
 Gell's Gravitas          Tloc           1%         N/A       32%         3
 Lesser Beckoning         Tloc           1%         N/A       32%         3
 Portal Projectile        Hex/Tloc       2%         N/A       32%         3
 Teleport Other           Tloc           1%         N/A       32%         3
 Ice Form                 Ice/Tmut       5%         N/A       43%         4
 Metabolic Englaciation   Hex/Ice        2%         N/A       77%         5
 Blade Hands              Tmut           0%         N/A       95%         5
 Yara's Violent Unravell  Hex/Tmut       0%         3d3       95%         5
 Enfeeble                 Hex            0%         N/A       100%        7
 Tukima's Dance           Hex            Unusable   N/A       N/A         3
 Summon Ice Beast         Ice/Summ       Unusable   N/A       N/A         4
 Simulacrum               Ice/Necr       Unusable   N/A       N/A         6

Dungeon Overview and Level Annotations

Branches:
Dungeon (10/15) Zot: 24473  Temple (1/1) D:7 Zot: 5948    Lair (1/6) D:9 Zot: 5015
    Orc (2/2) D:9 Zot: 10558     Elf (0/3) Orc:2

Altars:
Ashenzari
Cheibriados
Dithmenos
Elyvilon
Fedhas
Gozag
Hepliaklqana
Kikubaaqudgha
Makhleb
Nemelex Xobeh
Okawaru
Qazlal
Ru
Sif Muna
Trog
Uskayaw
Vehumet
Wu Jian
Xom
Yredelemnul
Zin
The Shining One

Shops:
Orc:1 ?   Orc:2 ![

Annotations:
D:8 1 exclusion
D:10 3 runed translucent doors, water area, logorrheac's ghost, journeyman DgCj


Innate Abilities, Weirdness & Mutations

You cannot wear most types of armour.
You are amphibious.
You can wear up to eight rings at the same time.
Your skin changes colour to match your surroundings (Stealth+).
Your rubbery body absorbs attacks. (AC +1, EV +1)
((You are camouflaged when in or above water. (Stealth+)))
You have tentacles for arms and can constrict up to eight enemies at once.
You are agile. (Dex +4, Str/Int -1)
Your muscles are strong. (Str +4, Int/Dex -1)


Message History

You puncture the orc warrior!
You squeeze the orc warrior, but do no damage.
The orc warrior is severely wounded.
You constrict the orc warrior, but do no damage.
You hit the orc warrior.
Lightning courses through the orc warrior!
You kill the orc warrior!
Okawaru accepts your kill. The orc warrior closely misses you.
The orc warrior barely misses you. The orc attacks as you move away!
The orc hits you with a +0 dagger.
The orc wizard mumbles some strange words.
The orc wizard flickers and vanishes!
Deactivating autopickup; reactivate with Ctrl-A.
You take 1 damage, and have 63/88 hp.
The orc warrior attacks as you move away!
The orc warrior misses you.
You hit the orc warrior but do no damage.
You grab the orc warrior. You squeeze the orc warrior.
The orc warrior is lightly wounded.
You constrict the orc warrior, but do no damage.
You puncture the orc warrior!
The orc warrior is moderately wounded.
You constrict the orc warrior.
The orc warrior hits you with a +0 long sword!
You take 9 damage, and have 56/88 hp.
You puncture the orc warrior!
The orc warrior is severely wounded.
You constrict the orc warrior, but do no damage.
MP restored: 26 You puncture the orc warrior!
You kill the orc warrior!
Okawaru accepts your kill.
You puncture the orc warrior! You grab the orc warrior.
You squeeze the orc warrior.
The orc warrior is moderately wounded.
You constrict the orc warrior, but do no damage.
The orc warrior hits you with a +0 glaive!!
You take 19 damage, and have 39/88 hp.
MASSIVE DAMAGE!!
You are too injured to fight recklessly!
You impale the orc warrior!!
Lightning courses through the orc warrior!!
You kill the orc warrior!
Okawaru accepts your kill.
Items here: )) [[.
You puncture the orc!
You kill the orc!
Okawaru accepts your kill.
You hear some strange, mumbled words.
A puff of flame appears from out of thin air!
The puff of flame misses you.
You miss something. Your squeeze misses something. You miss something.
You hear some strange, mumbled words.
A magic dart appears from out of thin air!
The magic dart hits you!
The orc wizard points at you and mumbles some strange words.
The magic dart hits something.
You take 7 damage, and have 36/88 hp.
You hit something. You hit something but do no damage.
You are too injured to fight recklessly!
You puncture the orc wizard!
Lightning courses through the orc wizard!!
You kill the orc wizard!
Okawaru accepts your kill. Something hits you.
You take 4 damage, and have 33/88 hp.
You puncture the orc!
You kill the orc!
Okawaru accepts your kill. Something hits you.
There is an open door, spattered with blood here.
Items here: )))) [[[ †.
You take 3 damage, and have 31/88 hp.
Things that are here:
a +0 glaive; a +0 chain mail Something is blocking the doorway!
Something hits you.
You barely miss something. You squeeze something. Something hits you.
You take 1 damage, and have 32/88 hp.
You puncture something! Okawaru accepts your kill.
Reactivating autopickup.
You feel a bit more experienced.
Items here: )) [[.
There is an open door, spattered with blood here.
Items here: )))) [[[ †.
Items here: )) [[.
You reach down and close the door, pushing everything out of the way.
You feel like a meek peon again.
Things that are here:
a +0 leather armour; a +0 dagger
Items here: )) [[.
You regained 2 hp, and now have 41/88 hp.
You start resting.
HP restored.
Health restored: 88
There is an entrance to Koveps's Distillery here.
The +8 rapier "Newtslayer" {elec, Stlth+} stops crackling.
Your +0 arbalest of chaos is briefly surrounded by a scintillating aura of random colours.
a - a +0 arbalest of chaos (weapon)
You can access your shopping list by pressing '$'.
Items here: )) [[.
You reach down and open the door.
There is an open door, spattered with blood here.
Items here: )) [[ †.
Items here: ))) [ †.
Things that are here:
a +0 flail; a +0 robe of positive energy; a +0 leather armour You now have 1372 gold pieces (gained 21).
You now have 1387 gold pieces (gained 15).
You reach down and open the gate. 3 orcs and an orc warrior come into view.
The orc shouts!
The orc warrior shouts!
You hear a shout! x4
The orc warrior unwields a +0 flail.
The orc warrior wields a +0 arbalest.
The orc warrior shoots a bolt.
The bolt hits you!!
The orc shouts!
You take 20 damage, and have 68/88 hp.
MASSIVE DAMAGE!!
You hear a shout! x2
You shoot a bolt. The bolt hits the orc.
Lightning courses through the orc!
You kill the orc!
Okawaru accepts your kill.
The orc warrior shoots a bolt.
The bolt hits you!
The orc warrior shoots a bolt.
The bolt hits you!
You hear a shout!
You take 29 damage, and have 50/88 hp.
MASSIVE DAMAGE!!
You shoot a bolt.
The bolt hits the orc warrior but does no damage.
The orc warrior seems to speed up.
The orc warrior shoots a bolt.
The bolt hits you!
The orc warrior shoots a bolt.
The bolt hits you!!
* * * LOW HITPOINT WARNING * * *
You take 31 damage, and have 19/88 hp.
MASSIVE DAMAGE!!
You are too injured to fight recklessly!
You gain the combat prowess of a mighty hero.
The orc warrior shoots a bolt.
The bolt closely misses you.
You now have 24/26 mp.
As you read the scroll of teleportation, it crumbles to dust.
You feel strangely unstable.
The orc warrior shoots a bolt.
The bolt hits you!!
* * * LOW HITPOINT WARNING * * *
The orc warrior shoots a bolt.
The bolt barely misses you.
You take 18 damage, and have 2/88 hp.
MASSIVE DAMAGE!!
You feel better.
The orc warrior shoots a bolt.
The bolt misses you.
You regained 11 hp, and now have 13/88 hp.
Okay, then.
Fire: a) +0 arbalest (chaos)
Press: ? - help, Q - select action, (/) - cycle Shift-Dir - straight line, f - orc, p - orc warrior
Aim: an orc, wielding a +0 short sword (72% to hit)
You shoot a bolt. The bolt barely misses the orc warrior.
The bolt closely misses the orc.
The orc warrior shoots a bolt.
The bolt hits you!!
You die...

### ##.## #...### ####
#...#.###..##
.#.....#....###########
...........oo.).@.....###
...........##########...##
.#........## ###..##
....#.....# ##..#
###.#..#o## #..# #.....o#
##.# +....8.'...... #.#
#......'oo..o. #.#
#....8.'o..... #.#


You could see an orc warrior (fast) and an orc.

Vanquished Creatures
  An orc warlord (D:9)
  A hydra (Lair:1)
  Erolcha (D:9)
  2 two-headed ogres (D:10)
  3 death yaks (D:8)
  A guardian serpent (shapeshifter) (Orc:1)
  Joseph (D:10)
  A water nymph (shapeshifter) (D:9)
  3 cane toads
  2 komodo dragons (Lair:1)
  3 trolls (Orc:1)
  A hornet (D:10)
  A queen bee (Lair:1)
  Prince Ribbit (D:6)
  2 yaks (Lair:1)
  2 shadows
  A wyvern (D:8)
  A basilisk (D:8)
  Grum (D:8)
  A wraith (D:10)
  2 wargs (Orc:2)
  An acid dragon (D:10)
  3 water moccasins
  Duvessa (D:5)
  2 sky beasts (D:7)
  22 orc warriors
  3 wolves (D:8)
  6 ogres
  2 centaurs (D:9)
  7 kobold brigands
  A necrophage (D:6)
  A gnoll sergeant (D:7)
  3 bullfrogs
  A scorpion (D:5)
  Dowan (D:5)
  24 killer bees (Lair:1)
  A jelly (D:6)
  15 orc priests
  2 hounds
  Crazy Yiuf (D:7)
  A gnoll bouda (D:10)
  4 iguanas
  27 orc wizards
  6 gnolls
  A river rat (D:9)
  9 adders
  2 shadow imps
  4 white imps
  2 ufetubi
  A worm (D:2)
  A dart slug (D:1)
  60 orcs
  6 ball pythons
  9 endoplasms
  4 giant cockroaches
  4 goblins
  10 hobgoblins
  11 jackals
  3 quokkas
  7 bats
  12 frilled lizards
  36 kobolds
  8 rats
357 creatures vanquished.

Vanquished Creatures (others)
  34 fungi
  12 plants
46 creatures vanquished.

Grand Total: 403 creatures vanquished

Notes
Turn   | Place    | Note
-------+----------+-------------------------------------------
     0 | D:1      | mdonais the Octopode Hunter began the quest for the Orb.
     0 | D:1      | Reached XP level 1. HP: 14/14 MP: 1/1
    69 | D:1      | Reached XP level 2. HP: 19/19 MP: 2/2
   465 | D:1      | Reached XP level 3. HP: 21/25 MP: 3/3
  1460 | D:2      | Reached XP level 4. HP: 18/30 MP: 4/4
  2189 | D:3      | Gained mutation: You are agile. (Dex +4, Str/Int -1)
                  | [potion of mutation]
  2189 | D:3      | Gained mutation: Your muscles are strong. (Str +4, Int/Dex
                  | -1) [potion of mutation]
  2344 | D:3      | Reached XP level 5. HP: 35/36 MP: 5/5
  2614 | D:3      | Reached skill level 5 in Ranged Weapons
  3012 | D:3      | Learned a level 3 spell: Ozocubu's Armour
  3843 | D:5      | Entered Level 5 of the Dungeon
  3953 | D:5      | Noticed Dowan
  3976 | D:5      | Reached XP level 6. HP: 27/43 MP: 6/6
  4756 | D:5      | Reached XP level 7. HP: 49/49 MP: 7/7
  5328 | D:5      | Noticed Duvessa
  5438 | D:6      | Reached skill level 5 in Stealth
  5459 | D:6      | Reached skill level 5 in Fighting
  5904 | D:6      | Reached skill level 1 in Evocations
  5904 | D:6      | Reached XP level 8. HP: 41/56 MP: 8/8
  6272 | D:6      | Noticed Prince Ribbit
  6302 | D:6      | Killed Prince Ribbit
  6736 | D:7      | Found a staircase to the Ecumenical Temple.
  6759 | Temple   | Entered the Ecumenical Temple
  6793 | Temple   | Became a worshipper of Warmaster Okawaru
  7313 | D:7      | Found a shadowy altar of Dithmenos.
  7777 | D:7      | Found a runed translucent door.
  7778 | D:7      | Noticed Crazy Yiuf
  8125 | D:7      | Found a glowing silver altar of Zin.
  8131 | D:7      | Reached XP level 9. HP: 48/63 MP: 9/9
  8137 | D:7      | Reached skill level 1 in Invocations
  8762 | D:8      | Identified the +8 rapier "Newtslayer" {elec, Stlth+}
  8805 | D:8      | Reached skill level 1 in Short Blades
  8825 | D:8      | Reached * piety under Okawaru
  9075 | D:8      | Noticed Grum
  9092 | D:8      | Killed Grum
  9391 | D:8      | Reached ** piety under Okawaru
  9393 | D:8      | Reached skill level 5 in Short Blades
  9491 | D:8      | Found a bloodstained altar of Trog.
  9740 | D:8      | Found a sacrificial altar of Ru.
 10165 | D:9      | Noticed a death yak
 10165 | D:9      | Noticed a death yak
 10165 | D:9      | Found a staircase to the Lair.
 10170 | D:9      | Noticed a death yak
 10179 | D:8      | Killed a death yak
 10179 | D:8      | Reached *** piety under Okawaru
 10180 | D:8      | Reached XP level 10. HP: 31/69 MP: 11/13
 10366 | D:8      | Killed a death yak
 10367 | D:8      | Reached skill level 5 in Dodging
 10467 | D:8      | Killed a death yak
 10467 | D:8      | Reached **** piety under Okawaru
 11423 | D:9      | Found a staircase to the Orcish Mines.
 11632 | D:5      | Killed Duvessa
 11637 | D:5      | Killed Dowan
 11804 | D:7      | Killed Crazy Yiuf
 11884 | D:7      | Found a glowing silver altar of Zin.
 11923 | D:7      | Found a shadowy altar of Dithmenos.
 12032 | D:7      | Found a staircase to the Ecumenical Temple.
 12378 | D:7      | Found a shadowy altar of Dithmenos.
 12396 | D:7      | Found a glowing silver altar of Zin.
 12652 | D:7      | Found a staircase to the Ecumenical Temple.
 12954 | D:9      | Noticed a glowing shapeshifter
 12954 | D:9      | a troll changed into a glowing shapeshifter
 12954 | D:9      | Noticed a manticore
 12954 | D:9      | a glowing shapeshifter changed into a manticore
 12955 | D:9      | Noticed a glowing shapeshifter
 12955 | D:9      | a manticore changed into a glowing shapeshifter
 12956 | D:9      | Noticed an orb spider
 12956 | D:9      | a glowing shapeshifter changed into an orb spider
 12959 | D:9      | Noticed a water nymph
 12959 | D:9      | an orb spider changed into a water nymph
 12961 | D:9      | Killed a water nymph
 13022 | D:9      | Noticed Erolcha
 13332 | D:9      | Killed Erolcha
 13332 | D:9      | Received a gift from Okawaru
 13419 | D:9      | Found a hazy altar of Hepliaklqana.
 13472 | D:9      | Found a basalt altar of Yredelemnul.
 13716 | D:10     | Entered Level 10 of the Dungeon
 13750 | D:10     | Noticed Joseph
 13756 | D:10     | Killed Joseph
 13757 | D:10     | Reached XP level 11. HP: 45/78 MP: 11/14
 13904 | D:10     | Found a broken altar of Ashenzari.
 14054 | D:10     | Found a runed translucent gate.
 14055 | D:10     | Found a runed translucent gate.
 14055 | D:10     | Found a runed translucent gate.
 14059 | D:10     | Noticed logorrheac's ghost (journeyman DgCj)
 14095 | D:10     | Reached skill level 5 in Invocations
 14095 | D:10     | Reached skill level 5 in Evocations
 14470 | D:10     | Noticed a two-headed ogre
 14477 | D:10     | Killed a two-headed ogre
 14511 | D:10     | Noticed a two-headed ogre
 14514 | D:10     | Killed a two-headed ogre
 14852 | D:10     | Noticed a white ugly thing
 14855 | D:10     | Noticed a fire dragon
 15141 | Lair:1   | Entered Level 1 of the Lair of Beasts
 15212 | Lair:1   | Noticed a five-headed hydra
 15262 | Lair:1   | Killed a five-headed hydra
 15262 | Lair:1   | Reached ***** piety under Okawaru
 16102 | Lair:1   | Reached skill level 10 in Fighting
 16296 | Lair:1   | Reached skill level 10 in Ranged Weapons
 16307 | Lair:1   | Identified the +0 hat "Kefirod" {Fly rN+ Regen+} (Okawaru
                  | gifted it to you on level 1 of the Lair of Beasts)
 16307 | Lair:1   | Received a gift from Okawaru
 16661 | Orc:1    | Entered Level 1 of the Orcish Mines
 16662 | Orc:1    | Noticed an orc warlord
 16669 | Orc:1    | Reached skill level 1 in Ice Magic
 16670 | Orc:1    | Reached skill level 1 in Spellcasting
 16675 | Orc:1    | Reached XP level 12. HP: 62/87 MP: 11/16
 17090 | D:9      | Killed an orc warlord
 17431 | Orc:1    | Learned a level 3 spell: Frozen Ramparts
 17444 | Orc:2    | Entered Level 2 of the Orcish Mines
 17444 | Orc:2    | Found Doon's Armour Emporium.
 17838 | Orc:2    | Found a staircase to the Elven Halls.
 17931 | Orc:1    | Found Ciubrigg's Magic Scroll Shoppe.
 18506 | Orc:2    | Found Koveps's Distillery.
 18701 | Orc:2    | HP: 2/88 [orc warrior/bolt (19)]
 18703 | Orc:2    | Shot with a bolt by an orc warrior

Illustrated notes

Levels and vault maps discovered:
D:1:      eino_arrival_water_cross, layout_loops_ring
D:2:      layout_basic, kennysheep_nub, minmay_circle_x
D:3:      layout_rooms
D:4:      layout_basic, dk_rats_in_the_wall
D:5:      layout_basic, uniq_duvessa
D:6:      layout_loops_ring, minmay_lizard_king, uniq_prince_ribbit1
D:7:      layout_basic, zin_statuary, mainiacjoe_overflow_concentric_impassable,
          minmay_temple_entry_stoned_glass, uniq_crazy_yiuf_cottage
D:8:      layout_loops_corners, lemuel_doored_altar, trog_book,
          nicolae_two_hexagons, uniq_grum
D:9:      layout_irregular_city, mainiacjoe_overflow_catch_the_wave,
          dpeg_lair_monsters, uniq_erolcha
D:10:     layout_loops_corners, mainiacjoe_overflow_alcove_1,
          gammafunk_ghost_spectres, evilmike_minifort, uniq_joseph
Temple:   eino_wide_crystal_templ
Lair:1:   layout_misc_corridors, special_room [special_room_bee],
          grunt_megastairs_5
Orc:1:    layout_caves, serial_shops, nicolae_shop_stone
Orc:2:    grunt_orc_community_town_hall, layout_diamond_mine,
          grunt_orc_community_big_house_1, grunt_orc_community_big_house_2,
          grunt_orc_community_house_2, grunt_orc_community_house_2,
          grunt_orc_community_house_1, grunt_orc_community_house_3,
          grunt_orc_community_house_2, serial_shops, nicolae_shop_hallway_stairs

Skill      XL: |  1  2  3  4  5  6  7  8  9 10 11 12 |
---------------+-------------------------------------+-----
Stealth        | 2 3 4 5 6 |  6.0
Fighting       | 3 4 5 6 8 10 | 10.4
Ranged Weapons | 5 6 7 8 10 | 10.5
Dodging        | 3 4 6 |  6.8
Evocations     | 1 4 5 |  5.0
Invocations    | 4 6 7 |  7.0
Short Blades   | 6 8 |  8.0
Ice Magic      | 1 4 |  4.0
Spellcasting   | 1 2 |  2.0

Action                   |  1- 3 |  4- 6 |  7- 9 | 10-12 || total
-------------------------+-------+-------+-------+-------++-------
Melee: Short sword       |     7 |    61 |    86 |       ||   154
       Constrict         |       |    20 |    38 |    46 ||   104
       Tentacles         |       |    15 |    40 |    52 ||   107
       Punch             |       |       |     3 |     4 ||     7
       Rapier            |       |       |    65 |   245 ||   310
 Fire: Shortbow          |   112 |   100 |   113 |    17 ||   342
       Arbalest          |       |       |       |   177 ||   177
Throw: Dart              |       |     2 |     4 |     3 ||     9
 Cast: Ozocubu's Armour  |       |       |       |     1 ||     1
Invok: Heroism           |       |       |     3 |    17 ||    20
Evoke: Wand              |       |       |     2 |     8 ||    10
       Tin of tremorston |       |       |       |     1 ||     1
  Use: Scroll            |     1 |     4 |     4 |     9 ||    18
       Potion            |     1 |     1 |     4 |     1 ||     7
 Stab: Distracted        |       |       |     1 |     1 ||     2
       Sleeping          |       |       |       |     4 ||     4
Armor: Skin              |    15 |     4 |     3 |     5 ||    27
Dodge: Dodged            |    19 |    48 |   111 |   237 ||   415

Table legend: (Time is in decaauts)
 A = Elapsed time spent in this place.
 B = Non-inter-level travel time spent in this place.
 C = Inter-level travel time spent in this place.
 D = Time resting spent in this place.
 E = Time spent auto-exploring this place.
 F = Levels seen in this place.
 G = Mean time per level.
                   A        B        C        D        E       F      G
               +--------+--------+--------+--------+--------+-----+--------+
         Total |  18737 |  17657 |   1080 |   6544 |   7806 |  14 | 1338.4 |
       Dungeon |  16260 |  15222 |   1038 |   5850 |   6966 |  10 | 1626.0 |
        Temple |     51 |     43 |      8 |      0 |     28 |   1 |   51.0 |
          Lair |    984 |    984 |      0 |    485 |    214 |   1 |  984.0 |
  Orcish Mines |   1440 |   1407 |     33 |    209 |    598 |   2 |  720.0 |
               +--------+--------+--------+--------+--------+-----+--------+

Top non-repeatable levels by time:
     D:8: 2944 daAuts
     D:7: 2755 daAuts
     D:2: 1806 daAuts
     D:6: 1801 daAuts
     D:9: 1789 daAuts
     D:5: 1668 daAuts
    D:10: 1410 daAuts
  Lair:1: 984 daAuts
   Orc:2: 939 daAuts
     D:3: 768 daAuts
     D:1: 662 daAuts
     D:4: 652 daAuts
   Orc:1: 501 daAuts
  Temple: 51 daAuts
